 Dungeon Crawl Stone Soup version 0.15-a0-1253-g15b4f57 (webtiles) character file.

98 Quh the Charmwright (level 4, -4/31 HPs)
             Began as a High Elf Skald on June 4, 2014.
             Slain by Grinder (9 damage)
             ... on Level 3 of the Dungeon.
             The game lasted 00:10:30 (3778 turns).

Quh the Charmwright (High Elf Skald)                Turns: 3778, Time: 00:10:31

HP  -4/31        AC  7     Str 11      XL: 4   Next: 43%
MP  11/11        EV 10     Int 16      God:
Gold 82          SH  0     Dex 15      Spells:  3 memorised,  1 level left

rFire  . . .     SeeInvis .     k - +0 short sword
rCold  . . .     Clarity  .     b - +0 leather armour
rNeg   . . .     rCorr    .     (no shield)
rPois  .         rRot     .     v - +0 helmet
rElec  .         Spirit   .     (no cloak)
SustAb .         Warding  .     (no gloves)
rMut   .         Stasis   .     l - +2 pair of boots
Gourm  .                        (no amulet)
MR     .....                    (no ring)
                                (no ring)

@: starving, not resistant to hostile enchantments, very unstealthy
A: no striking features
a: no special abilities


You were on level 3 of the Dungeon.
You were starving.

You visited 1 branch of the dungeon, and saw 3 of its levels.

You collected 82 gold pieces.

Inventory:

Hand weapons
 a - a +0,+0 short sword
 g - a +0,+0 short sword
 k - a +0,+0 short sword (weapon)
Missiles
 e - 80 stones (quivered)
 q - 2 javelins
Armour
 b - a +0 leather armour (worn)
 l - a +2 pair of boots (worn)
 v - a +0 helmet (worn)
Magical devices
 u - a wand of flame (9)
Comestibles
 d - 3 bread rations
 n - a meat ration
Scrolls
 f - a scroll of fog
 i - 2 scrolls of identify {unknown}
 j - a scroll of noise {unknown}
 m - a scroll of remove curse {unknown}
 o - a scroll of teleportation {unknown}
Jewellery
 t - an uncursed ring of fire {unknown}
Potions
 h - a potion of mutation {unknown}
 p - 2 potions of curing {unknown}
 r - a potion of resistance {unknown}
 s - a potion of flight {unknown}
Books
 c - a book of Battle

   Spells                             Type                      Level
   *Infusion                          Charms                       1
   *Shroud of Golubria                Charms/Translocation         2
   Song of Slaying                    Charms                       2
   Spectral Weapon                    Hexes/Charms                 3
   *Regeneration                      Charms/Necromancy            3
Miscellaneous
 y - a plain deck of escape


   Skills:
 * Level 3.4 Fighting
 * Level 3.8 Short Blades
 - Level 0.8 Armour
 - Level 1.1 Dodging
 - Level 2.4 Spellcasting
 * Level 4.4 Charms


You had one spell level left.
You knew the following spells:

 Your Spells              Type           Power        Failure   Level  Hunger
a - Infusion              Chrm           ###...       3%          1    #......
b - Shroud of Golubria    Chrm/Tloc      #.........   14%         2    ##.....
c - Regeneration          Chrm/Necr      #.........   28%         3    ####...


Dungeon Overview and Level Annotations

Branches:
Dungeon (3/15)

Altars:
Nemelex Xobeh

Annotations:
D:2 Crazy Yiuf
D:3 Grinder, Natasha


Message History

Natasha casts a spell.
You have a terrible headache.
Grinder gestures.
Grinder blinks!
The goblin closely misses you. The hobgoblin hits you.
The goblin hits you but does no damage. Grinder hits you.
The goblin hits you but does no damage.
Natasha casts a spell.
The goblin hits you with a club. Grinder hits you!
You writhe in agony.
* * * LOW HITPOINT WARNING * * *
Natasha mumbles some strange words.
Grinder hits you but does no damage.
There is a stone staircase leading down here.
Natasha casts a spell.
You have a terrible headache.
The hobgoblin hits you.
* * * LOW HITPOINT WARNING * * *
The orc wizard casts a spell.
The orc wizard seems to speed up.
Grinder hits you!
You die...

#.# #.o5)5...... #.#
##ยง##....... #.#
#.##.......
####.####.#####....
.........o..........
####.#o..#.####...
#.5.o5###..# #
#.5h..# ...# #@gg..#
....# #.g...# ...##
#.....# ..##
.......# # #########


You could see Grinder, an orc wizard, Natasha, 2 shadow imps, 2 orcs, a
hobgoblin and 2 goblins.

Vanquished Creatures
  3 adders (D:2)
  2 giant mites
  A worm (D:2)
  An orc (D:3)
  4 giant cockroaches
  6 goblins
  10 hobgoblins
  5 kobolds
  6 bats
  2 giant newts (D:1)
  3 quokkas (D:2)
  9 rats
52 creatures vanquished.

Notes
Turn   | Place    | Note
--------------------------------------------------------------
     0 | D:1      | Quh, the High Elf Skald, began the quest for the Orb.
     0 | D:1      | Reached XP level 1. HP: 14/14 MP: 4/4
   465 | D:1      | Reached XP level 2. HP: 18/20 MP: 0/6
   469 | D:1      | Learned a level 2 spell: Shroud of Golubria
  1568 | D:1      | Reached skill level 4 in Charms
  1710 | D:2      | Reached XP level 3. HP: 21/25 MP: 0/8
  2828 | D:2      | Reached XP level 4. HP: 31/31 MP: 9/11
  3247 | D:2      | Learned a level 3 spell: Regeneration
  3506 | D:2      | Found a sparkling altar of Nemelex Xobeh.
  3675 | D:2      | Noticed Crazy Yiuf
  3726 | D:3      | Noticed Natasha
  3771 | D:3      | Noticed Grinder
  3778 | D:3      | Slain by Grinder

Action                   |  1- 3 |  4- 6 || total
-------------------------+-------+-------++-------
Melee: Short sword       |   141 |    89 ||   230
Throw: Stone             |       |    16 ||    16
 Cast: Infusion          |    12 |       ||    12
       Shroud of Golubri |     8 |     5 ||    13
       Regeneration      |       |     1 ||     1
Evoke: Wand              |     1 |     1 ||     2
  Use: Scroll            |     1 |       ||     1
 Stab: Sleeping          |     1 |       ||     1
